 Dungeon Crawl Stone Soup version 0.22-a0-448-g1fb7470005 (webtiles) character file.

126 Kelnoc the Covered (level 4, -10/41 HPs)
             Began as a Minotaur Fighter on June 4, 2018.
             Mangled by a worm (15 damage)
             ... on level 3 of the Dungeon.
             The game lasted 00:07:38 (2178 turns).

Kelnoc the Covered (Minotaur Fighter)               Turns: 2178, Time: 00:07:38

Health: -10/41     AC:  8    Str: 26    XL:     4   Next: 84%
Magic:  3/3        EV:  8    Int:  5    God:
Gold:   179        SH: 10    Dex: 10    Spells: 3/3 levels left

rFire    . . .     SeeInvis .   a - +0 war axe
rCold    . . .     Gourm    .   c - +0 shield
rNeg     + . .     Faith    .   b - +1 scale mail
rPois    .         Spirit   .   (helmet restricted)
rElec    .         Reflect  .   (no cloak)
rCorr    .         Harm     .   (no gloves)
MR       .....                  (no boots)
Stlth    ..........             (no amulet)
HPRegen  0.13/turn              j - ring of positive energy
MPRegen  0.08/turn              (no ring)

@: mighty
A: retaliatory headbutt, horns 2
a: no special abilities


You were on level 3 of the Dungeon.
You were not hungry.

You visited 1 branch of the dungeon, and saw 3 of its levels.

You collected 179 gold pieces.

Inventory:

Hand Weapons
 a - a +0 war axe (weapon)
Armour
 b - a +1 scale mail (worn)
 c - a +0 shield (worn)
 k - a cursed +0 chain mail
Jewellery
 j - a ring of positive energy (left hand)
 o - an uncursed ring of magical power {unknown}
Scrolls
 e - a scroll of enchant weapon {unknown}
 h - a scroll of immolation {unknown}
 l - a scroll of fear
 p - a scroll of magic mapping
 u - a scroll of identify
Potions
 g - a potion of flight {unknown}
 i - 2 potions of degeneration
 m - a potion of curing {unknown}
 n - 2 potions of haste {unknown}
 q - 3 potions of lignification {unknown}
 r - a potion of berserk rage {unknown}
 s - a potion of invisibility {unknown}
 t - a potion of cancellation {unknown}
 v - a potion of ambrosia {unknown}
Comestibles
 f - 5 rations


   Skills:
 + Level 4.3 Fighting
 + Level 3.8 Axes
 + Level 4.6 Armour
 + Level 0.8 Dodging
 + Level 4.5 Shields


You had 3 spell levels left.
You didn't know any spells.
Your spell library was empty.

Dungeon Overview and Level Annotations

Branches:
Dungeon (3/15)

Altars:
Kikubaaqudgha
Trog
Xom


Innate Abilities, Weirdness & Mutations

You reflexively headbutt those who attack you in melee.
You have a pair of horns on your head.


Message History

Your shield and scale mail prevent you from hitting the worm.
The worm bites you! x2; You block the worm's attack.
You slash the worm! You headbutt the worm.
The worm is almost dead.
Your shield prevents you from hitting the worm.
Your shield and scale mail prevent you from hitting the worm.
The rat barely misses you. You block the worm's attack. The worm bites you.
* * * LOW HITPOINT WARNING * * *
The worm closely misses you.
There are monsters nearby!
You feel very mighty all of a sudden. You block the rat's attack.
The worm barely misses you. The worm bites you!
* * * LOW HITPOINT WARNING * * *
The rat completely misses you. You furiously retaliate!
You headbutt the rat!!
You kill the rat!
You block the worm's attack.
You hit the worm.
The worm is almost dead.
You hit the worm. You slash the worm! The worm bites you!
You die...

#......... #.........
#......... #.........
#......... #.........
###### #..?......
##....### #.........
##..†@w.)# #.........
#....ww..)# #.........
#....#....# #>........
####...###....##.........
#......#y#._.)###........
#.##...###....##.........
#.##....#...)##..........
#.##.........##..........
#.###.......##...........


You could see a moth of wrath and 3 worms.

Vanquished Creatures
  A gnoll (D:1)
  4 adders
  3 worms
  A dart slug (D:1)
  3 leopard geckos
  4 orcs (D:3)
  3 ball pythons
  7 bats
  3 giant cockroaches
  13 goblins
  4 hobgoblins
  A quokka (D:2)
  6 frilled lizards
  4 kobolds
  9 rats
66 creatures vanquished.

Notes
Turn   | Place    | Note
-------+----------+-------------------------------------------
     0 | D:1      | Kelnoc the Minotaur Fighter began the quest for the Orb.
     0 | D:1      | Reached XP level 1. HP: 19/19 MP: 0/0
   256 | D:1      | Reached XP level 2. HP: 25/27 MP: 1/1
   553 | D:1      | Reached XP level 3. HP: 33/33 MP: 2/2
  1030 | D:2      | Found a shimmering altar of Xom.
  1098 | D:2      | Reached XP level 4. HP: 37/40 MP: 3/3
  1881 | D:3      | Found an ancient bone altar of Kikubaaqudgha.
  2163 | D:3      | Noticed a moth of wrath
  2167 | D:3      | Found a bloodstained altar of Trog.
  2178 | D:3      | Mangled by a worm

Vault maps used:
D:1:      mainiacjoe_arrival_reflecting_pool, patterned_corridor
D:2:      minmay_door_path, xom_teletrap_fun
D:3:      nicolae_overflow_crystal_walls, tgw_trog, first_ration,
          kennysheep_flooded_box, wad_floor_pattern_1, grunt_ministairs_2

Skill      XL: |  1  2  3 |
---------------+----------+-----
Fighting       | 4 |  4.3
Armour         | 4 |  4.6
Shields        | 4 |  4.5
Axes           | 3 |  3.8
Dodging        | |  0.8

Action                   |  1- 3 |  4- 6 || total
-------------------------+-------+-------++-------
Melee: War axe           |   120 |    53 ||   173
       Headbutt          |    15 |     9 ||    24
  Use: Scroll            |     5 |     3 ||     8
       Potion            |       |     1 ||     1
  Eat: Chunk             |     1 |     3 ||     4
Armor: Scale mail        |    60 |    17 ||    77
Dodge: Dodged            |    44 |    23 ||    67
Block: Shield            |    49 |    38 ||    87

Table legend:
 A = Spawn XP
 B = Non-spawn XP
 C = Spawn XP percentage of total XP
 D = Spawn monster count
 E = Non-spawn monster count
 F = Spawn count percentage of total count
 G = Total turns spent on level
                    A         B        C        D         E        F      G
               +---------+---------+-------+---------+---------+-------+---------
         Total |       0 |     181 |   0.0 |       0 |      66 |   0.0 |  2178
               +---------+---------+-------+---------+---------+-------+---------
           D:1 |       0 |      55 |   0.0 |       0 |      23 |   0.0 |   834
           D:2 |       0 |      68 |   0.0 |       0 |      27 |   0.0 |   841
           D:3 |       0 |      58 |   0.0 |       0 |      16 |   0.0 |   503
               +---------+---------+-------+---------+---------+-------+---------
